 Dungeon Crawl Stone Soup version 0.23.0-3-gf3c87f2 (webtiles) character file.

Game seed: 14659296702265944724

103 Inarius the Chopper (level 4, 0/34 HPs)
             Began as a Mummy Wanderer on Feb 21, 2019.
             Slain by an orc
             ... wielding a +2 trident of protection
              (3 damage)
             ... on level 3 of the Dungeon.
             The game lasted 00:02:44 (1316 turns).

Inarius the Chopper (Mummy Wanderer)                Turns: 1316, Time: 00:02:45

Health: 0/34       AC: 10    Str: 15    XL:     4   Next: 51%
Magic:  4/4        EV: 10    Int: 12    God:
Gold:   131        SH:  0    Dex: 11    Spells: 3/3 levels left

rFire    x . .     SeeInvis .   a - +2 hand axe
rCold    + . .     Gourm    .   (no shield)
rNeg     + + +     Faith    .   b - +0 ring mail
rPois    ∞         Spirit   .   (no helmet)
rElec    .         Reflect  .   g - +2 cloak {MR+}
rCorr    .         Harm     .   (no gloves)
MR       +....                  h - +1 pair of boots
Stlth    +.........             (no amulet)
HPRegen  0.11/turn              (no ring)
MPRegen  0.09/turn              (no ring)

@: no status effects
A: no food or potions, fire vulnerability, cold resistance 1, negative energy
resistance 3, torment resistance, unbreathing
a: no special abilities


You were on level 3 of the Dungeon.
You were not hungry.

You visited 1 branch of the dungeon, and saw 3 of its levels.

You collected 131 gold pieces.

Inventory:

Hand Weapons
 a - a +2 hand axe (weapon)
 l - a +0 morningstar
Armour
 b - a +0 ring mail (worn)
 g - a +2 cloak of magic resistance (worn)
 h - a +1 pair of boots (worn)
 m - a scarf of cloud immunity
Scrolls
 c - 2 scrolls of teleportation
 d - a scroll of fog {unknown}
 e - 4 scrolls of immolation {unknown}
 f - 2 scrolls of identify {unknown}
 i - a scroll of amnesia {unknown}
 j - a scroll of magic mapping {unknown}
 k - 2 scrolls of remove curse {unknown}


   Skills:
 + Level 2.6 Fighting
 * Level 3.8 Axes
   Level 1.0 Crossbows
 + Level 2.0 Armour
 + Level 0.3 Dodging
 - Level 1.0 Stealth
   Level 1.0 Shields


You had 3 spell levels left.
You didn't know any spells.
Your spell library was empty.

Dungeon Overview and Level Annotations

Branches:
Dungeon (3/15)

Altars:
Ashenzari
Zin


Innate Abilities, Weirdness & Mutations

You do not eat or drink.
Your flesh is vulnerable to fire.
You are immune to poison.
Your flesh is cold resistant. (rC+)
You are immune to negative energy. (rN+++)
You are immune to unholy pain and torment.
You can survive without breathing.


Message History

You hit the orc but do no damage.
The orc is heavily wounded.
The orc hits you but does no damage.
You completely miss the orc.
The orc is heavily wounded.
The orc barely misses you.
You hit the orc but do no damage.
The orc is heavily wounded.
The orc hits you with a +2 trident of protection.
* * * LOW HITPOINT WARNING * * *
You closely miss the orc.
The orc is heavily wounded.
The orc completely misses you.
You closely miss the orc.
The orc is heavily wounded.
The orc hits you but does no damage.
You completely miss the orc.
The orc is heavily wounded.
The orc hits you with a +2 trident of protection.
You die...

.... #...........### #.#
.... #...........+.# #.#
.....+...........#.###†##
.....##+####.....#.##...#
......... #.###.#.##.#.#
........# .#.#
#...##.#.##
......)o##.#.#
#.###..#..#
......†....#.# #.#
#.###.## ......#.o###@#
### ..#.#..### .....
+....o.# ..##.##...# ....
#..##### ###...###.† ###
...... ####...#...###
......### ..###...###..
....... ...##.##...#
....... #..#.#..###
#####. #.#.#.## #.....#


You could see an orc.

Vanquished Creatures
  A hound skeleton (D:3)
  An adder (D:2)
  An ooze (D:2)
  3 worms
  2 leopard geckos
  9 orcs (D:3)
  6 giant cockroaches
  3 goblins
  5 hobgoblins
  3 jackals (D:2)
  6 kobolds
  6 bats
  5 frilled lizards
  6 rats
57 creatures vanquished.

Notes
Turn   | Place    | Note
-------+----------+-------------------------------------------
     0 | D:1      | Inarius the Mummy Wanderer began the quest for the Orb.
     0 | D:1      | Inarius set off with the following items: a +2 hand axe, a
                  | +0 ring mail, a scroll of teleportation
     0 | D:1      | Reached XP level 1. HP: 16/16 MP: 1/1
    69 | D:1      | Reached XP level 2. HP: 22/22 MP: 2/2
   235 | D:1      | Reached skill level 3 in Axes
   540 | D:2      | Reached XP level 3. HP: 24/27 MP: 3/3
   728 | D:2      | Found a shattered altar of Ashenzari.
   997 | D:2      | Found a glowing silver altar of Zin.
  1024 | D:3      | Reached XP level 4. HP: 24/34 MP: 4/4
  1316 | D:3      | Slain by an orc

Skill      XL: |  1  2  3  4 |
---------------+-------------+-----
Axes           | 3 |  3.8
Armour         | 2 |  2.0
Fighting       | |  2.6
Crossbows      | |  1.0
Dodging        | |  0.3
Stealth        | |  1.0
Shields        | |  1.0

Action                   |  1- 3 |  4- 6 || total
-------------------------+-------+-------++-------
Melee: Hand axe          |   106 |    52 ||   158
Armor: Ring mail         |    57 |    25 ||    82
Dodge: Dodged            |    83 |    29 ||   112
